 Dungeon Crawl Stone Soup version 0.30-a0-159-g068b764562 (webtiles) character file.

Game seed: 9460609470571597054

36 blackman the Insei (level 3, 0/26 HPs)
             Began as a Human Wanderer on Sept 27, 2022.
             Slain by Terence
             ... wielding a +0 mace
              (3 damage)
             ... on level 2 of the Dungeon.
             The game lasted 00:02:13 (1856 turns).

blackman the Insei (Human Wanderer)                 Turns: 1856, Time: 00:02:14

Health: 0/26       AC:  2    Str:  9    XL:     3   Next: 57%
Magic:  3/3        EV: 12    Int: 10    God:
Gold:   54         SH:  0    Dex: 19    Spells: 2/2 levels left

rFire   . . .      SeeInvis .    a - +2 sling
rCold   . . .      Faith    .    (no shield)
rNeg    . . .      Spirit   .    f - +0 robe
rPois   .          Reflect  .    (no helmet)
rElec   .          Harm     .    (no cloak)
rCorr   .          Rampage  .    (no gloves)
Will    .....                    (no boots)
Stlth   ++........               (no amulet)
HPRegen 0.08/turn                (no ring)
MPRegen 0.08/turn                (no ring)

@: no status effects
A: no striking features
a: no special abilities


You were on level 2 of the Dungeon.
You visited 1 branch of the dungeon, and saw 2 of its levels.

You collected 54 gold pieces.

Inventory:

Hand Weapons
 a - a +2 sling (weapon)
 d - a +0 dagger
 m - a +0 falchion
Missiles
 c - 10 poisoned darts (quivered)
Armour
 f - a +0 robe (worn)
 g - a +0 scale mail
Jewellery
 j - a ring of flight
 l - a ring of magical power
Scrolls
 b - 4 scrolls of teleportation
 e - a scroll of fog
Potions
 h - 2 potions of haste {unknown}
 i - 2 potions of mutation {unknown}
 k - a potion of magic {unknown}


   Skills:
 - Level 1.0 Fighting
 * Level 2.9 Long Blades
 - Level 2.0 Ranged Weapons
 - Level 3.0 Throwing
 - Level 1.0 Dodging
 - Level 3.0 Unarmed Combat


You had 2 spell levels left.
You didn't know any spells.
Your spell library contained the following spells:

 Spells                   Type           Power      Damage    Failure   Level
 Magic Dart               Conj           0%         1d3       36%         1
 Searing Ray              Conj           0%         2d4       50%         2
 Sublimation of Blood     Necr           0%         N/A       50%         2
 Wereblood                Tmut           0%         N/A       50%         2
 Fulminant Prism          Conj/Hex       0%         3d6       98%         4
 Summon Hydra             Summ           0%         N/A       100%        7


Dungeon Overview and Level Annotations

Branches:
Dungeon (2/15)

Altars:

Annotations:
D:2 Terence


Message History

The sling bullet completely misses the endoplasm.
You shoot a sling bullet.
The sling bullet barely misses the endoplasm.
Terence the Incautious comes into view.
He is wielding a +0 mace.
You shoot a sling bullet. The sling bullet hits Terence.
Terence is lightly wounded.
You shoot a sling bullet. The sling bullet hits Terence.
Terence is moderately wounded.
Terence closely misses you. Terence hits you with a +0 mace.
You shoot a sling bullet. The sling bullet hits Terence.
Terence is heavily wounded.
The endoplasm freezes you.
You are frozen.
Terence closely misses you.
You shoot a sling bullet. The sling bullet hits Terence.
Terence is severely wounded.
The endoplasm closely misses you. Terence closely misses you.
You shoot a sling bullet. The sling bullet hits Terence.
Terence is almost dead.
Terence hits you with a +0 mace. The endoplasm closely misses you.
The endoplasm freezes you.
You are frozen.
Terence closely misses you.
A dart slug comes into view.
You are too injured to fight recklessly!
You are too injured to fight recklessly!
You are too injured to fight recklessly!
You are too injured to fight recklessly!
Fire: a) +2 sling
Press: ? - help, Shift-Dir - straight line, f/p - Terence
Aim: Terence, wielding a +0 mace and wearing a +0 ring mail (almost dead, 65% to hit)
You shoot a sling bullet.
The sling bullet closely misses Terence.
The endoplasm closely misses you. Terence hits you with a +0 mace.
* * * LOW HITPOINT WARNING * * *
Fire: a) +2 sling
Press: ? - help, Shift-Dir - straight line, f/p - Terence
Aim: Terence, wielding a +0 mace and wearing a +0 ring mail (almost dead, 65% to hit)
You shoot a sling bullet. The sling bullet hits Terence.
Terence is almost dead.
The endoplasm misses you. Terence hits you with a +0 mace.
You die...

...............†..##
..........######.###
......##.## ##....#
#........# #...#.#
....#....#####.###.###.#
...........##...........
.....##.<.....##.###.###
######......#.#.@...w...
+......#..@##.###.#
###....#.#J# ...
#......#=. #.#
######.#.#. ..# #...#..
... #)#.# #. #. ..#.. #.
##.#.# †.


You could see Terence, a dart slug and an endoplasm.

Vanquished Creatures
  2 dart slugs (D:1)
  2 orcs (D:2)
  2 endoplasms (D:1)
  2 goblins
  3 hobgoblins
  6 kobolds
  2 quokkas (D:1)
  3 ball pythons (D:1)
  3 bats
  A frilled lizard (D:1)
  2 rats (D:2)
28 creatures vanquished.

Notes
Turn   | Place    | Note
-------+----------+-------------------------------------------
     0 | D:1      | blackman the Human Wanderer began the quest for the Orb.
     0 | D:1      | blackman set off with the following items: a +2 sling, a
                  | scroll of teleportation, 10 poisoned darts, a +0 dagger, a
                  | scroll of fog, a +0 robe.
     0 | D:1      | Reached XP level 1. HP: 15/15 MP: 1/1
    26 | D:1      | You fall into a shaft and drop 1 floor!
    81 | D:2      | Reached skill level 1 in Long Blades
   171 | D:2      | Reached XP level 2. HP: 12/21 MP: 2/2
  1115 | D:1      | Reached XP level 3. HP: 20/26 MP: 3/3
  1849 | D:2      | Noticed Terence
  1856 | D:2      | Slain by Terence

Illustrated notes

Levels and vault maps discovered:
D:1:      minmay_arrival_wavy_path, layout_basic
D:2:      cheibrodos_pilgrimage, layout_rooms, roderic_serpentine_path,
          nicolae_concentric_dashed_squares_mild, uniq_crazy_yiuf_cottage,
          uniq_terence

Skill      XL: |  1  2 |
---------------+-------+-----
Long Blades    | 1 2 |  2.9
Fighting       | |  1.0
Ranged Weapons | |  2.0
Throwing       | |  3.0
Dodging        | |  1.0
Unarmed Combat | |  3.0

Action                   || total
-------------------------++-------
 Fire: Sling             ||   104
Armor: Robe              ||    10
Dodge: Dodged            ||    48

Table legend: (Time is in decaauts)
 A = Elapsed time spent in this place.
 B = Non-inter-level travel time spent in this place.
 C = Inter-level travel time spent in this place.
 D = Time resting spent in this place.
 E = Time spent auto-exploring this place.
 F = Levels seen in this place.
 G = Mean time per level.
                   A        B        C        D        E       F      G
               +--------+--------+--------+--------+--------+-----+--------+
         Total |   1886 |   1865 |     21 |    491 |   1163 |   2 |  943.0 |
       Dungeon |   1886 |   1865 |     21 |    491 |   1163 |   2 |  943.0 |
               +--------+--------+--------+--------+--------+-----+--------+

Top non-repeatable levels by time:
     D:1: 1192 daAuts
     D:2: 693 daAuts
